 Dungeon Sprint DCSS version 0.27.1-33-g824d729ab1 (webtiles) character file.

Game seed: 16706556164978990990

6441 manyhoops the Scorcher (level 10, -1/88 HPs)
             Began as a Demigod Fire Elementalist on Nov 24, 2021.
             Slain by a demonic crawler (10 damage)
             ... in the Dungeon (Sprint I: "Red Sonja").
             The game lasted 00:20:27 (3729 turns).

manyhoops the Scorcher (Demigod Fire Elementalist)  Turns: 3729, Time: 00:20:27

Health: -1/88      AC: 10    Str: 16    XL:     10   Next: 40%
Magic:  5/28       EV:  9    Int: 29    God:
Gold:   181        SH:  6    Dex: 14    Spells: 4/29 levels left

rFire    . . .     SeeInvis .   j - +0 dagger (venom)
rCold    . . .     Faith    .   u - +2 buckler
rNeg     . . .     Spirit   .   q - +1 scale mail "Qekhlu" {rElec Will- Regen+ Str+7}
rPois    .         Reflect  .   (no helmet)
rElec    +         Harm     .   m - +0 cloak
rCorr    .         Rampage  .   v - +0 pair of gloves
Will     .....     NoTele   +   n - +0 pair of boots
Stlth    +.........             (no amulet)
HPRegen  1.24/turn              (no ring)
MPRegen  0.21/turn              (no ring)

@: hasted, very quick
A: high mp 1, forlorn
a: no special abilities


You were in the Dungeon.
You visited 1 branch You collected 1773 gold pieces.
You spent 1592 gold pieces at shops.

Inventory:

Hand Weapons
 h - a +0 club
 j - a +0 dagger of venom (weapon)
Missiles
 a - 35 poisoned darts
 i - 4 curare-tipped darts
Armour
 l - a +2 robe of willpower
 m - a +0 cloak (worn)
 n - a +0 pair of boots (worn)
 q - the +1 scale mail "Qekhlu" (worn) {rElec Will- Regen+ Str+7}
   (You found it in the Dungeon)

   Str:       It affects your strength (+7).
   rElec:     It insulates you from electricity.
   Regen:     It increases your rate of health regeneration.
   Will:      It decreases your willpower.
 u - a +2 buckler (worn)
 v - a +0 pair of gloves (worn)
Jewellery
 c - a ring of ice
Wands
 f - a wand of flame (44)
Scrolls
 g - a scroll of amnesia
 o - a scroll of enchant weapon
 p - 2 scrolls of identify
 s - a scroll of fog
Potions
 b - 2 potions of curing
 e - a potion of magic
 k - a potion of brilliance
Miscellaneous
 r - a tin of tremorstones (2/2)


   Skills:
 - Level 8.1 Fighting
 - Level 2.5 Dodging
 - Level 2.3 Stealth
 * Level 2.2 Shields
 - Level 0.6 Unarmed Combat
 - Level 10.4 Spellcasting
 - Level 10.2 Conjurations
 + Level 15.6 Fire Magic


You had 4 spell levels left.
You knew the following spells:

 Your Spells              Type           Power      Damage    Failure   Level
a - Foxfire               Conj/Fire      100%       2x1d9     1%          1
b - Conjure Flame         Conj/Fire      74%        6-21      1%          3
c - Sticky Flame          Conj/Fire      74%        2d9       1%          4
d - Fireball              Conj/Fire      37%        3d15      2%          5
e - Inner Flame           Hex/Fire       57%        N/A       1%          3
f - Fire Storm            Conj/Fire      37%        8d9       100%        9

Your spell library contained the following spells:

 Spells                   Type           Power      Damage    Failure   Level
 Borgnjor's Vile Clutch   Necr/Erth      7%         N/A       99%         5


Dungeon Overview and Level Annotations

Branches:
Dungeon (1/1)

Shops:
D **([?[?([*[:?*![*


Innate Abilities, Weirdness & Mutations

Your attributes grow dramatically as you level up.
You have an increased reservoir of magic. (+10% MP)
You shall have no god before yourself.


Message History

You feel better.
The demonic crawler burns! x2
You block the demonic crawler's attack.
The demonic crawler hits you but does no damage. x2
The demonic crawler burns! x2
There is an ornate altar of the Wu Jian Council here.
Casting: Sticky Flame (mildly dangerous; 1% risk of failure)
Confirm with . or Enter, or press ? or * to list all spells.
Aiming: Fireball (dangerous; 2% risk of failure)
Press: ? - help, Shift-Dir - straight line, p - demonic crawler
Okay, then.
The demonic crawler burns! x2
The demonic crawler burns!
The demonic crawler stops burning.
The demonic crawler burns!
The demonic crawler hits you but does no damage. x2
The demonic crawler hits you.
Casting: Fireball (dangerous; 2% risk of failure)
Confirm with . or Enter, or press ? or * to list all spells.
Aiming: Sticky Flame (mildly dangerous; 1% risk of failure)
Press: ? - help, Shift-Dir - straight line, f/p - demonic crawler
Aim: a demonic crawler (lightly wounded, 100% to hit)
The sticky flame hits the demonic crawler.
The demonic crawler resists.
The demonic crawler is lightly wounded.
The demonic crawler is covered in liquid flames!
The demonic crawler burns! x2; The demonic crawler stops burning.
The demonic crawler hits you!
* * * LOW HITPOINT WARNING * * *
The demonic crawler hits you.
* * * LOW HITPOINT WARNING * * *
The demonic crawler hits you!
* * * LOW HITPOINT WARNING * * *
The demonic crawler burns!
There is an open door here.
The demonic crawler hits you!
* * * LOW HITPOINT WARNING * * *
The demonic crawler hits you but does no damage.
You block the demonic crawler's attack.
You feel yourself speed up.
The demonic crawler burns!
The demonic crawler hits you!
You die...

##########################
#<.#.s'..#..'..#__#..)...#
#..)..#..'..#..'..'..#)..#
#..#####'#####'#__####...'
#[.####..#...#)####§§#####
#..#__####..##[#§§§§§#§§#
#..#_____##'#_.'§≈§§§§§.#
#⌠⌠#_.∩..@ss.._#§§§.§#§.#
####_..__##_.#'##'#####÷##
#_____###'#)#§§§§###.'.
############.####'###(###.
#∩........'...'.)...'.∩##.
###++++####...###########§
###.###....§..##§
#.#'#.#......§§§.
#.....#'''######§


You could see 2 demonic crawlers.

Vanquished Creatures
  2 centaur warriors (D)
  Sonja (D)
  A deep troll (D)
  An oklob plant (D)
  2 unseen horrors (D)
  2 kobold demonologists (D)
  2 demonic crawlers (D)
  A slime creature (D)
  A hornet (D)
  Sigmund (D)
  2 redbacks (D)
  A yak (D)
  2 floating eyes (D)
  7 necrophages (D)
  An ogre (D)
  8 jellies (D)
  Ijyb (D)
  A ballistomycete spore (D)
37 creatures vanquished.

Vanquished Creatures (others)
  A gargoyle (D)
  A ballistomycete spore (D)
  56 foxfires (D)
58 creatures vanquished.

Grand Total: 95 creatures vanquished

Notes
Turn   | Place    | Note
-------+----------+-------------------------------------------
     0 | D        | manyhoops the Demigod Fire Elementalist began the quest for
                  | the Orb.
     0 | D        | Reached XP level 1. HP: 14/14 MP: 5/5
     3 | D        | Noticed Ijyb
    15 | D        | Killed Ijyb
    16 | D        | Reached skill level 1 in Conjurations
    16 | D        | Reached skill level 4 in Fire Magic
    16 | D        | Reached XP level 2. HP: 20/20 MP: 2/8
    60 | D        | Noticed an ogre
    83 | D        | Killed an ogre
    84 | D        | Reached skill level 7 in Fire Magic
    84 | D        | Reached XP level 3. HP: 7/26 MP: 2/11
    84 | D        | Reached XP level 4. HP: 9/33 MP: 2/13
    88 | D        | Learned a level 3 spell: Conjure Flame
   306 | D        | Learned a level 4 spell: Sticky Flame
   311 | D        | Noticed Sigmund
   634 | D        | Killed Sigmund
   635 | D        | Reached skill level 5 in Spellcasting
   635 | D        | Reached skill level 9 in Fire Magic
   635 | D        | Reached XP level 5. HP: 30/38 MP: 8/16
   641 | D        | Learned a level 5 spell: Fireball
   833 | D        | Noticed a centaur warrior
   840 | D        | Noticed a slime creature
   860 | D        | Killed a slime creature
   861 | D        | Reached skill level 11 in Fire Magic
   861 | D        | Reached XP level 6. HP: 35/45 MP: 3/19
   865 | D        | Learned a level 3 spell: Inner Flame
   993 | D        | Found Haziryfei's Assorted Antiques.
   993 | D        | Noticed a yak
  1002 | D        | Killed a yak
  1003 | D        | Reached XP level 7. HP: 25/50 MP: 11/22
  1118 | D        | Bought a tubular moonstone ring for 110 gold pieces
  1118 | D        | Bought a scroll labelled CAUKLI VEUJUAD for 22 gold pieces
  1118 | D        | Bought a wand of flame (20) for 22 gold pieces
  1118 | D        | Bought a thin lapis lazuli amulet for 110 gold pieces
  2006 | D        | Noticed a kobold demonologist
  2009 | D        | Noticed a kobold demonologist
  2012 | D        | Noticed a smoke demon
  2012 | D        | Killed a kobold demonologist
  2012 | D        | Killed a kobold demonologist
  2013 | D        | Reached skill level 12 in Fire Magic
  2014 | D        | Reached skill level 13 in Fire Magic
  2014 | D        | Reached XP level 8. HP: 44/57 MP: 9/25
  2125 | D        | Noticed a centaur warrior
  2131 | D        | Noticed Sonja
  2133 | D        | Killed Sonja
  2134 | D        | Reached skill level 10 in Spellcasting
  2192 | D        | Found Vailiq's General Store.
  2200 | D        | Bought a potion of brilliance for 44 gold pieces
  2212 | D        | Noticed a deep troll
  2225 | D        | Killed a deep troll
  2536 | D        | Found Atarhed's Armour Emporium.
  2540 | D        | Bought a +2 robe of willpower for 194 gold pieces
  2540 | D        | Bought a +0 cloak for 49 gold pieces
  2540 | D        | Bought a +0 pair of boots for 49 gold pieces
  2594 | D        | Killed a centaur warrior
  2595 | D        | Reached XP level 9. HP: 78/78 MP: 11/27
  2602 | D        | Killed a centaur warrior
  2809 | D        | Noticed an oklob plant
  2813 | D        | Killed an oklob plant
  2814 | D        | Reached skill level 14 in Fire Magic
  3173 | D        | Reached XP level 10. HP: 88/88 MP: 23/28
  3406 | D        | Found Urrieb's Antique Armour Shoppe.
  3407 | D        | Reached skill level 15 in Fire Magic
  3409 | D        | Reached skill level 10 in Conjurations
  3414 | D        | Found Naibyff's Assorted Antiques.
  3414 | D        | Found Zoimoa's Weapon Shop.
  3414 | D        | Found Dimam's Distillery.
  3522 | D        | Found Roseliqe's General Store.
  3524 | D        | Found Akuoll's Magic Scroll Boutique.
  3526 | D        | Identified the +1 scale mail "Qekhlu" {rElec Will- Regen+
                  | Str+7}
  3553 | D        | Found Decraot's Armour Emporium.
  3553 | D        | Found Wogudal's Magic Scroll Shop.
  3553 | D        | Found Ytaug's Antique Weapon Shoppe.
  3553 | D        | Found Kikeup Zutta's Antique Armour Boutique.
  3553 | D        | Found Kogudij's General Store.
  3553 | D        | Found Xiergh's Antique Armour Shop.
  3553 | D        | Found Tient's Book Shoppe.
  3556 | D        | Found Lecwepi's Magic Scroll Boutique.
  3561 | D        | Bought a scroll of fog for 22 gold pieces
  3561 | D        | Bought a scroll of blinking for 82 gold pieces
  3563 | D        | Bought the Disquisition on the Mountains and the Blaze for
                  | 484 gold pieces
  3575 | D        | Learned a level 9 spell: Fire Storm
  3598 | D        | Bought a +2 buckler for 214 gold pieces
  3598 | D        | Bought a scroll of identify for 26 gold pieces
  3598 | D        | Bought a scroll of identify for 26 gold pieces
  3598 | D        | Bought a scroll of identify for 26 gold pieces
  3621 | D        | Bought a pair of gloves for 112 gold pieces
  3694 | D        | Reached skill level 1 in Shields
  3729 | D        | Slain by a demonic crawler

Illustrated notes

Levels and vault maps discovered:
D:        dungeon_sprint_1 [red_sonja_temple_1, red_sonja_temple_small_1]

Skill      XL: |  1  2  3  4  5  6  7  8  9 10 |
---------------+-------------------------------+-----
Dodging        | 2 |  2.5
Stealth        | 2 |  2.3
Spellcasting   | 2 4 5 7 9 10 | 10.4
Conjurations   | 1 6 9 10 | 10.2
Fire Magic     | 4 7 9 11 13 14 15 | 15.6
Fighting       | 6 8 |  8.1
Shields        | 2 |  2.2
Unarmed Combat | |  0.6

Action                   |  1- 3 |  4- 6 |  7- 9 | 10-12 || total
-------------------------+-------+-------+-------+-------++-------
Melee: Unarmed           |     4 |       |       |       ||     4
       Dagger            |       |       |       |     1 ||     1
 Cast: Foxfire           |    11 |    16 |     4 |    14 ||    45
       Sticky Flame      |       |     3 |     7 |    15 ||    25
       Conjure Flame     |       |     2 |     6 |     1 ||     9
       Fireball          |       |       |    18 |     8 ||    26
       Inner Flame       |       |       |     1 |     1 ||     2
Evoke: Wand              |       |       |       |     1 ||     1
  Use: Potion            |     1 |     1 |       |     5 ||     7
       Scroll            |     1 |       |       |     3 ||     4
Armor: Robe              |       |       |     1 |    10 ||    11
       Scale mail        |       |       |       |    40 ||    40
Dodge: Dodged            |     4 |     8 |     5 |    36 ||    53
Block: Buckler           |       |       |       |    18 ||    18
